 Dungeon Crawl Stone Soup version 0.24-a0-475-g5b41c6f198 (webtiles) character file.

Game seed: 5303046600463660840

56 Azzok the Firebug (level 3, 0/26 HPs)
             Began as a Hill Orc Fire Elementalist on July 5, 2019.
             Succumbed to an adder's poison
             ... on level 2 of the Dungeon.
             The game lasted 00:03:14 (2297 turns).

Azzok the Firebug (Hill Orc Fire Elementalist)      Turns: 2297, Time: 00:03:15

Health: 0/26       AC:  3    Str:  7 (10) XL:     3   Next: 97%
Magic:  1/6        EV: 12    Int: 15 (16) God:
Gold:   93         SH:  0    Dex:  9 (11) Spells: 2/6 levels left

rFire    . . .     SeeInvis .   l - +1 whip (holy)
rCold    . . .     Gourm    .   (no shield)
rNeg     . . .     Faith    .   a - +0 robe
rPois    .         Spirit   .   (no helmet)
rElec    .         Reflect  .   (no cloak)
rCorr    .         Harm     .   b - +0 pair of gloves
MR       .....                  (no boots)
Stlth    ++........             (no amulet)
HPRegen  0.08/turn              (no ring)
MPRegen  0.10/turn              (no ring)

@: lethally poisoned (0 -> -10), flying
A: no striking features
a: no special abilities


You were on level 2 of the Dungeon.
You were not hungry.

You visited 1 branch of the dungeon, and saw 2 of its levels.

You collected 93 gold pieces.

Inventory:

Hand Weapons
 l - a +1 whip of holy wrath (weapon)
Armour
 a - a +0 robe (worn)
 b - a +0 pair of gloves (worn)
Scrolls
 d - a scroll of enchant armour {unknown}
 e - 2 scrolls of blinking {unknown}
 f - 4 scrolls of identify {unknown}
 j - 2 scrolls of teleportation {unknown}
 k - a scroll of remove curse {unknown}
Potions
 h - a potion of resistance {unknown}
 m - a potion of berserk rage {unknown}
 n - a potion of mutation {unknown}
Comestibles
 c - 6 rations
 i - 5 chunks of flesh


   Skills:
 - Level 1.5 Dodging
 - Level 1.5 Stealth
 + Level 2.2 Spellcasting
 + Level 2.1 Conjurations
 + Level 4.0 Fire Magic


You had 2 spell levels left.
You knew the following spells:

 Your Spells              Type           Power        Failure   Level  Hunger
a - Flame Tongue          Conj/Fire      ##...        6%          1    #......
b - Conjure Flame         Conj/Fire      ##......     19%         3    ###....

Your spell library contained the following spells:

 Spells                   Type           Power        Failure   Level  Hunger
 Throw Flame              Conj/Fire      ##....       10%         2    ###....
 Inner Flame              Hex/Fire       #.......     28%         3    ###....
 Sticky Flame             Conj/Fire      ##......     52%         4    #####..
 Fireball                 Conj/Fire      ##........   86%         5    ######.


Dungeon Overview and Level Annotations

Branches:
Dungeon (2/15)

Altars:
Cheibriados
Trog


Message History

You are poisoned.
The adder poisons you!
* * * LOW HITPOINT WARNING * * *
You feel sick.
* * * LOW HITPOINT WARNING * * *
You feel sick.
It was a potion of degeneration.
There was something very wrong with that liquid.
You feel weakened.
You feel dopey.
You feel clumsy. The adder bites you.
* * * LOW HITPOINT WARNING * * *
The adder bites you.
* * * LOW HITPOINT WARNING * * *
You are more poisoned.
The adder poisons you!
Okay, then.
It was a potion of flight.
You feel very buoyant.
You fly up into the air.
You die...

▒▒ ▒▒▒·········▒ ▒▒·▒▒
▒·····▒···· ▒▒·▒·▒▒
▒·········· ▒▒·▒·▒·▒▒
▒···▒·▒·▒··
▒▒·▒·▒·▒·▒▒▒▒▒▒▒······
▒▒·▒·▒▒▒(▒·▒▒ ▒▒▒·▒··
▒▒·▒·▒▒·▒▒·▒·▒▒▒▒▒······
▒▒·▒·▒▒·▒·▒▒·▒·▒▒········
▒▒·▒·▒▒·▒@▒·▒▒·▒·▒▒▒▒·▒▒▒▒
▒·▒·▒▒·▒··S▒·▒▒·▒·▒▒▒·<···
▒·▒▒[·|·▒▒·▒·▒▒·▒·▒▒·····
▒·▒···▒·▒▒·▒·▒▒·▒·▒▒······
▒▒·▒·▒·▒▒·▒·▒▒·▒·▒▒▒······
▒▒·▒·▒▒·▒·▒▒)▒·▒▒ ▒·▒··▒▒
▒▒·▒▒·▒·▒▒·▒·▒▒ ▒·▒··▒
▒▒▒·▒)▒▒·▒·▒▒▒▒▒▒·▒··▒▒
▒·▒·▒▒·▒·▒▒···········


You could see an adder.

Vanquished Creatures
  An ooze (D:2)
  A dart slug (D:2)
  2 leopard geckos
  2 giant cockroaches
  9 goblins
  4 hobgoblins
  5 jackals (D:1)
  A quokka (D:2)
  2 ball pythons (D:1)
  3 bats
  5 frilled lizards
  4 kobolds
  4 rats
43 creatures vanquished.

Notes
Turn   | Place    | Note
-------+----------+-------------------------------------------
     0 | D:1      | Azzok the Hill Orc Fire Elementalist began the quest for
                  | the Orb.
     0 | D:1      | Reached XP level 1. HP: 14/14 MP: 3/3
   351 | D:1      | Reached XP level 2. HP: 14/20 MP: 0/4
  1180 | D:1      | Reached XP level 3. HP: 26/26 MP: 4/6
  1186 | D:1      | Learned a level 3 spell: Conjure Flame
  1818 | D:2      | Found a bloodstained altar of Trog.
  1956 | D:2      | Found a snail-covered altar of Cheibriados.
  1960 | D:2      | Reached skill level 4 in Fire Magic
  2296 | D:2      | HP: 1/26 [adder (2)]
  2297 | D:2      | Succumbed to an adder's poison

Levels and vault maps discovered:
D:1:      mrwooster_arrival_statue_2, layout_loops_ring, serial_bayou_pond_c
D:2:      minmay_inner_zag, layout_basic, kennysheep_slug_shrine,
          marbit_many_paths, lightli_temple_of_fire, bloody_makhleb,
          minmay_fountain_box

Skill      XL: |  1  2  3 |
---------------+----------+-----
Spellcasting   | 2 |  2.2
Conjurations   | 2 |  2.1
Fire Magic     | 4 |  4.0
Dodging        | |  1.5
Stealth        | |  1.5

Action                   || total
-------------------------++-------
Melee: Unarmed           ||    10
       Whip              ||     6
 Cast: Flame Tongue      ||    89
  Use: Potion            ||     2
 Stab: Sleeping          ||     1
  Eat: Chunk             ||     6
Armor: Robe              ||    32
Dodge: Dodged            ||    69

Table legend:
 A = Non-vault XP
 B = Vault XP
 C = Vault XP percentage of total XP
 D = Non-vault monster count
 E = Vault monster count
 F = Vault count percentage of total count
                 A         B        C        D         E       F
            +---------+---------+-------+---------+---------+-------
      Total |      71 |      10 |  12.3 |      38 |       5 |  11.6
            +---------+---------+-------+---------+---------+-------
        D:1 |      41 |       0 |   0.0 |      24 |       0 |   0.0
        D:2 |      30 |      10 |  25.0 |      14 |       5 |  26.3
            +---------+---------+-------+---------+---------+-------
